 Dungeon Crawl Stone Soup version 0.24.0-1-gfbc8707122 (webtiles) character file.

Game seed: 17697972451223857597, levelgen mode: deterministic

55 Oravi the Grave Robber (level 3, -5/29 HPs)
             Began as a Ghoul Necromancer on Oct 27, 2019.
             Slain by an ogre
             ... wielding a +0 giant club
              (17 damage)
             ... on level 2 of the Dungeon.
             The game lasted 00:08:41 (1590 turns).

Oravi the Grave Robber (Ghoul Necromancer)          Turns: 1590, Time: 00:08:42

Health: -5/29      AC:  6    Str: 11    XL:     3   Next: 93%
Magic:  3/4        EV:  8    Int: 11    God:
Gold:   107        SH:  3    Dex:  9    Spells: 4/5 levels left

rFire    . . .     SeeInvis .   d - +0 short sword
rCold    + . .     Gourm    .   i - +0 buckler
rNeg     + + +     Faith    .   j - +0 scale mail
rPois    ∞         Spirit   .   (no helmet)
rElec    .         Reflect  .   (no cloak)
rCorr    .         Harm     .   (no gloves)
MR       .....                  (no boots)
Stlth    ..........             b - amulet of rage
HPRegen  0.00/turn              (no ring)
MPRegen  0.09/turn              (no ring)

@: rotting
A: rotting body, claws 1, carnivore, cold resistance 1, negative energy
resistance 3, inhibited regeneration, torment resistance, unbreathing
a: no special abilities


You were on level 2 of the Dungeon.
You were not hungry.

You visited 1 branch of the dungeon, and saw 2 of its levels.

You collected 107 gold pieces.

Inventory:

Hand Weapons
 d - a +0 short sword (weapon)
Missiles
 f - 28 stones (quivered)
Armour
 a - a +0 robe
 i - a +0 buckler (worn)
 j - a +0 scale mail (worn)
Jewellery
 b - an amulet of rage (around neck)
 m - a cursed ring of attention {unknown}
Scrolls
 e - a scroll of enchant armour {unknown}
 g - 2 scrolls of identify {unknown}
 k - a scroll of blinking {unknown}
 n - a scroll of teleportation {unknown}
 o - a scroll of remove curse {@r2}
 p - a scroll of enchant weapon {unknown}
Potions
 h - 2 potions of heal wounds {unknown}
 q - a potion of curing {unknown}
Comestibles
 c - 5 rations
 l - 4 chunks of flesh


   Skills:
 + Level 2.2 Fighting
 + Level 0.7 Armour
 - Level 1.7 Dodging
 - Level 2.1 Stealth
 * Level 1.2 Shields
 + Level 1.6 Unarmed Combat
 - Level 1.7 Spellcasting
 - Level 4.0 Necromancy


You had 4 spell levels left.
You knew the following spells:

 Your Spells              Type           Power        Failure   Level  Hunger
a - Pain                  Necr           #...         45%         1    ##.....

Your spell library contained the following spells:

 Spells                   Type           Power        Failure   Level  Hunger
 Animate Skeleton         Necr           N/A          45%         1    ##.....
 Vampiric Draining        Necr           #.........   83%         3    ####...
 Regeneration             Chrm/Necr      #.........   98%         3    ####...
 Animate Dead             Necr           N/A          99%         4    #####..


Dungeon Overview and Level Annotations

Branches:
Dungeon (2/15)

Altars:
Vehumet


Innate Abilities, Weirdness & Mutations

Your body is rotting away.
You thrive on raw meat.
You are immune to poison.
You have sharp fingernails.
You are carnivorous and can eat meat at any time.
Your flesh is cold resistant. (rC+)
You are immune to negative energy. (rN+++)
You do not regenerate when monsters are visible.
You are immune to unholy pain and torment.
You can survive without breathing.


Message History

An ogre is nearby!
You aren't carrying any items that you can evoke.
Quiver which item? (- for none, * to show all) (? for menu, Esc to quit)
Okay, then.
Okay, then.
Okay, then.
Really walk into a travel-excluded area?
You block the ogre's attack.
There is a radiant altar of Vehumet here.
The ogre is engulfed in blazing flames.
The ogre hits you with a +0 giant club!
Ouch! That really hurt!
* * * LOW HITPOINT WARNING * * *
You see here a bubbling dark potion.
Casting: Pain (safe; 45% risk of failure)
Aiming: Pain (safe; 45% risk of failure)
Aim: an ogre, wielding a +0 giant club (heavily wounded, chance to defeat MR: 60%)
The ogre writhes in agony.
The ogre hits you with a +0 giant club!
Ouch! That really hurt!
You die...

........#..###..
........'....'..
........#..###).
........#..# #..
############..# #..
#########....#######..###..
........§☼...'.........##..
#####..§.☼..########.#####
#...○@..# ...... #..°O...#
...... ##..☼...# ......
######## ...... ...... ....
....


You could see an ogre.

Vanquished Creatures
  An adder (D:2)
  A worm (D:2)
  5 dart slugs
  7 bats
  2 giant cockroaches (D:1)
  4 hobgoblins
  A frilled lizard (D:2)
  4 goblins
  4 kobolds
  5 rats
34 creatures vanquished.

Notes
Turn   | Place    | Note
-------+----------+-------------------------------------------
     0 | D:1      | Oravi the Ghoul Necromancer began the quest for the Orb.
     0 | D:1      | Reached XP level 1. HP: 14/14 MP: 2/2
   124 | D:1      | Reached skill level 1 in Fighting
   191 | D:1      | Reached XP level 2. HP: 23/23 MP: 0/3
   243 | D:1      | Reached skill level 1 in Unarmed Combat
   661 | D:1      | Reached XP level 3. HP: 19/29 MP: 4/4
  1011 | D:2      | Reached skill level 1 in Shields
  1572 | D:2      | Found a radiant altar of Vehumet.
  1573 | D:2      | Noticed an ogre
  1590 | D:2      | Slain by an ogre

Levels and vault maps discovered:
D:1:      dpeg_arrival_three_same_balls, layout_loops_ring
D:2:      layout_basic, nicolae_qazlal_general_emergency, fiery_altar_vehumet

Skill      XL: |  1  2  3 |
---------------+----------+-----
Fighting       | 1 2 |  2.2
Unarmed Combat | 1 |  1.6
Shields        | 1 |  1.2
Armour         | |  0.7
Dodging        | |  1.7
Stealth        | |  2.1
Spellcasting   | |  1.7
Necromancy     | |  4.0

Action                   || total
-------------------------++-------
Melee: Short sword       ||   102
Throw: Stone             ||     2
 Cast: Pain              ||    42
  Use: Scroll            ||     1
  Eat: Chunk             ||     4
Armor: Robe              ||     6
       Scale mail        ||    28
Dodge: Dodged            ||    47
Block: Buckler           ||    15
